[Event "ESP-ch U1700 2024"]
[Site "Albacete"]
[Date "2024.08.27"]
[Round "1.1"]
[White "Ainsa Garus, Carlos"]
[Black "Zubizarreta Landera, Maddi"]
[Result "1-0"]
[ECO "A06"]
[WhiteElo "1577"]
[BlackElo "1699"]
[Annotator "NA RC COMBH"]
[PlyCount "119"]
[EventDate "2024.08.27"]
[EventType "swiss"]
[EventCountry "ESP"]
[SourceTitle "playchess.com"]
[Source "ChessBase"]
[SourceQuality "1"]
[TimeControl "5400+30"]

1. Nf3 d5 2. b3 Bf5 3. Bb2 e6 4. g3 Nd7 5. Bg2 Ngf6 6. d3 Bb4+ 7. Nbd2 c6 8. a3 Bc5 9. O-O a5 10. c4 O-O 11. Nh4 Qc7 12. Rc1 Qb6 13. Nxf5 exf5 14. cxd5 Nxd5 15. Rc4 N7f6 16. Bh3 f4 17. Ne4 Bxf2+ 18. Rxf2 Ne3 19. Qa1 Nxc4 20. Nxf6+ gxf6 21. bxc4 fxg3 22. hxg3 Qe3 23. Kg2 Rfd8 24. Bxf6 Rd6 25. Bg4 b5 26. Rf5 h6 27. Re5 Qa7 28. Re7 Qb8 29. Be5 Qd8 30. Bxd6 Qxd6 31. Qe5 Qg6 32. Bh5 Qg7 33. Qxg7+ Kxg7 34. Rxf7+ Kg8 35. Rb7 bxc4 36. dxc4 Ra6 37. Bf3 c5 38. Rc7 Kf8 39. Rxc5 Ke7 40. Rc7+ Kd6 41. Rf7 Kc5 42. Bd5 Kd4 43. Kf3 Kc3 44. Rb7 Kd4 45. e3+ Kc5 46. e4 Kd6 47. Kf4 Kc5 48. e5 Rg6 49. e6 Rg8 50. e7 Rh8 51. Kf5 Kd6 52. Kf6 a4 53. Kf7 Rh7+ 54. Kg6 Rxe7 55. Rxe7 Kxe7 56. Kxh6 Kf6 57. g4 Ke7 58. g5 Kf8 59. g6 Ke7 60. g7 1-0

[Event "ESP-ch U1700 2024"]
[Site "Albacete"]
[Date "2024.08.27"]
[Round "1.2"]
[White "Garcia-Munoz Arias, Diego"]
[Black "Lamborena Valderrama, Garazi"]
[Result "1-0"]
[ECO "C55"]
[WhiteElo "1696"]
[BlackElo "1576"]
[Annotator "NA COMBH"]
[PlyCount "97"]
[EventDate "2024.08.27"]
[EventType "swiss"]
[EventCountry "ESP"]
[SourceTitle "playchess.com"]
[Source "ChessBase"]
[SourceQuality "1"]
[TimeControl "5400+30"]

1. e4 e5 2. Nf3 Nc6 3. d4 exd4 4. Bc4 Nf6 5. O-O Bc5 6. e5 d5 7. exf6 dxc4 8. Re1+ Be6 9. Ng5 Qxf6 10. Nxe6 fxe6 11. Qh5+ Qf7 12. Qxc5 e5 13. Na3 Rf8 14. f3 O-O-O 15. Nxc4 Rd5 16. Qa3 Re8 17. Nd2 Qf5 18. Ne4 a6 19. Bd2 Red8 20. Qd3 Qd7 21. b4 h6 22. a4 Nb8 23. Reb1 b6 24. a5 b5 25. Nc5 Qc6 26. Qf5+ Nd7 27. c3 e4 28. Qe6 Rd6 29. Qxe4 Nxc5 30. Qxc6 Rxc6 31. bxc5 dxc3 32. Bxc3 g6 33. Bb4 Rd4 34. Ra2 Rc4 35. Bd2 h5 36. Be3 Re6 37. Bf2 c6 38. h3 Rf6 39. Rd1 Kc7 40. Bg3+ Kc8 41. Rd6 Rxd6 42. Bxd6 Kd7 43. Re2 b4 44. Re7+ Kc8 45. Rc7+ Kd8 46. Rxc6 b3 47. Rb6 Ra4 48. c6 Rxa5 49. Rb8# 1-0

[Event "ESP-ch U1700 2024"]
[Site "Albacete"]
[Date "2024.08.27"]
[Round "1.3"]
[White "Valdivia Khudiakova, Ekaterina"]
[Black "Carrilero Otalora, Vanesa"]
[Result "0-1"]
[ECO "D04"]
[WhiteElo "1573"]
[BlackElo "1692"]
[Annotator "NA RC COMBH"]
[PlyCount "104"]
[EventDate "2024.08.27"]
[EventType "swiss"]
[EventCountry "ESP"]
[SourceTitle "playchess.com"]
[Source "ChessBase"]
[SourceQuality "1"]
[TimeControl "5400+30"]

1. Nf3 Nf6 2. d4 d5 3. e3 c5 4. c3 Nbd7 5. Bd3 e6 6. Nbd2 Bd6 7. O-O O-O 8. Re1 e5 9. e4 cxd4 10. cxd4 dxe4 11. Nxe4 Nxe4 12. Bxe4 exd4 13. Qxd4 Bc5 14. Qc3 Qb6 15. Qc2 Nf6 16. Be3 Bxe3 17. Rxe3 h6 18. Nh4 Be6 19. Nf5 Nxe4 20. Qxe4 Bxf5 21. Qxf5 Qxb2 22. Ree1 Rac8 23. Qa5 Qd4 24. h3 Rc2 25. Rf1 Rxf2 26. Kh1 Rxf1+ 27. Rxf1 Rc8 28. Qf5 Qc4 29. Rf4 Qe6 30. Qb1 b6 31. Re4 Qg6 32. Qe1 Qc6 33. Qb1 Qc1+ 34. Qxc1 Rxc1+ 35. Kh2 Ra1 36. Ra4 a5 37. Kg3 Re1 38. Kf2 Re7 39. Rc4 f6 40. a4 Rb7 41. Rc2 b5 42. Ke2 bxa4 43. Ra2 Rb4 44. Kd2 Kf7 45. Rc2 a3 46. Kc3 Rb2 47. Rxb2 axb2 48. Kxb2 Ke6 49. Ka3 Kf5 50. Ka4 Kf4 51. Kxa5 Kg3 52. Kb5 Kxg2 0-1

[Event "ESP-ch U1700 2024"]
[Site "Albacete"]
[Date "2024.08.27"]
[Round "1.4"]
[White "Grande Gonzalez, Julen"]
[Black "Lamborena Perez, Gorka"]
[Result "1-0"]
[ECO "D06"]
[WhiteElo "1692"]
[BlackElo "1571"]
[Annotator "NA RC COMBH"]
[PlyCount "61"]
[EventDate "2024.08.27"]
[EventType "swiss"]
[EventCountry "ESP"]
[SourceTitle "playchess.com"]
[Source "ChessBase"]
[SourceQuality "1"]
[TimeControl "5400+30"]

1. d4 d5 2. c4 Nf6 3. cxd5 Nxd5 4. e4 Nb6 5. Nc3 e6 6. Nf3 Be7 7. Bd3 c5 8. O-O cxd4 9. Nxd4 Bf6 10. Be3 e5 11. Bb5+ Bd7 12. Nf5 g6 13. Nd6+ Kf8 14. Nxb7 Qc7 15. Qd6+ Qxd6 16. Nxd6 Bxb5 17. Ndxb5 Nc6 18. Nxa7 Nd4 19. Bxd4 exd4 20. Ncb5 Kg7 21. Nc6 Rhc8 22. Nbxd4 Ra4 23. e5 Bg5 24. f4 Bxf4 25. Rxf4 Rxc6 26. b3 Rxd4 27. Rxd4 Rc2 28. a4 Re2 29. a5 Nc8 30. a6 Na7 31. Rd7 1-0

[Event "ESP-ch U1700 2024"]
[Site "Albacete"]
[Date "2024.08.27"]
[Round "1.5"]
[White "Yagues Garijo, Alvaro"]
[Black "Varela Cano, Hugo"]
[Result "1-0"]
[ECO "B40"]
[WhiteElo "1569"]
[BlackElo "1691"]
[Annotator "NA RC COMBH"]
[PlyCount "111"]
[EventDate "2024.08.27"]
[EventType "swiss"]
[EventCountry "ESP"]
[SourceTitle "playchess.com"]
[Source "ChessBase"]
[SourceQuality "1"]
[TimeControl "5400+30"]

1. e4 c5 2. Nf3 e6 3. c4 d6 4. Nc3 Nf6 5. d4 cxd4 6. Nxd4 Nc6 7. Be2 Be7 8. Nxc6 bxc6 9. Bf3 Bb7 10. Qa4 Qc7 11. Bf4 O-O 12. g4 e5 13. Bg3 Rac8 14. O-O a6 15. g5 Nd7 16. h4 Nc5 17. Qc2 Ne6 18. b3 Nd4 19. Qd3 Rfd8 20. Bg4 Ne6 21. Rad1 Kh8 22. f4 exf4 23. Bxf4 Rb8 24. Bxe6 fxe6 25. Qh3 e5 26. Be3 Rf8 27. Na4 c5 28. Nc3 Bc6 29. Nd5 Bxd5 30. Rxd5 Rxf1+ 31. Qxf1 Rf8 32. Qd1 Qd7 33. Kg2 Qe6 34. Kg3 h6 35. Qg4 Qf7 36. Rd2 h5 37. g6 hxg4 38. gxf7 Rxf7 39. Rf2 Rf3+ 40. Rxf3 gxf3 41. Kxf3 Bxh4 42. Kg4 Be7 43. Kf5 Kg8 44. Bd2 Kf7 45. Be1 g6+ 46. Kg4 Kg7 47. Bd2 Kf7 48. Be1 Kf6 49. Bh4+ Kf7 50. Be1 Ke8 51. Bc3 Kd7 52. Bd2 Kc6 53. Ba5 d5 54. exd5+ Kd6 55. Bd2 e4 56. Be3 1-0

[Event "ESP-ch U1700 2024"]
[Site "Albacete"]
[Date "2024.08.27"]
[Round "1.6"]
[White "Garcia Sahuquillo, Marcos Antonio"]
[Black "Garcia Palencia, Gabriel"]
[Result "1-0"]
[ECO "A40"]
[WhiteElo "1690"]
[BlackElo "1568"]
[Annotator "NA RC COMBH"]
[PlyCount "77"]
[EventDate "2024.08.27"]
[EventType "swiss"]
[EventCountry "ESP"]
[SourceTitle "playchess.com"]
[Source "ChessBase"]
[SourceQuality "1"]
[TimeControl "5400+30"]

1. d4 e6 2. Nf3 Nf6 3. g3 d5 4. Bg2 c5 5. c4 Nc6 6. cxd5 exd5 7. O-O Qb6 8. e3 Bg4 9. Qa4 Qb4 10. Nc3 Qxa4 11. Nxa4 Bxf3 12. Bxf3 cxd4 13. exd4 Nxd4 14. Bd1 Bb4 15. a3 Be7 16. Re1 Ne6 17. Nc3 d4 18. Ba4+ Kf8 19. Ne4 a6 20. Bb3 Nc5 21. Nxc5 Bxc5 22. Bg5 Nd7 23. Bd5 h6 24. Bf4 g5 25. Bd2 Rb8 26. Rac1 b5 27. Bc6 Nb6 28. Rxc5 Na4 29. Rd5 Rc8 30. Bb7 Rc2 31. Bb4+ Kg7 32. Rxd4 Nxb2 33. Rd2 Rxd2 34. Bxd2 Nc4 35. Bc3+ f6 36. Bxa6 Nxa3 37. Re7+ Kg6 38. Re6 Nb1 39. Bb2 1-0

[Event "ESP-ch U1700 2024"]
[Site "Albacete"]
[Date "2024.08.27"]
[Round "1.7"]
[White "Ortega Moya, Juan Francisco"]
[Black "Saiz Alonso de Armino, Daniel"]
[Result "0-1"]
[ECO "A40"]
[WhiteElo "1567"]
[BlackElo "1689"]
[Annotator "NA RC COMBH"]
[PlyCount "81"]
[EventDate "2024.08.27"]
[EventType "swiss"]
[EventCountry "ESP"]
[SourceTitle "playchess.com"]
[Source "ChessBase"]
[SourceQuality "1"]
[TimeControl "5400+30"]

1. d4 e6 2. Bf4 d5 3. e3 Nf6 4. Bd3 c5 5. c3 Bd6 6. Bg3 Qc7 7. Bxd6 Qxd6 8. dxc5 Qxc5 9. Nf3 Nbd7 10. Nbd2 e5 11. Nb3 Qc7 12. Nfd2 O-O 13. e4 b6 14. Qf3 Bb7 15. O-O a5 16. a4 Rad8 17. Rad1 Rfe8 18. Rfe1 Nf8 19. Bb5 Re7 20. Qe2 dxe4 21. Nf1 Ng6 22. Rd2 Nf4 23. Qd1 Rxd2 24. Qxd2 Bc6 25. Bxc6 Qxc6 26. Qd8+ Re8 27. Qd2 Nd3 28. Rd1 Rd8 29. Nc1 Qxa4 30. Ne3 Rd7 31. b3 Qc6 32. Nf5 Nb2 33. Qxd7 Nxd7 34. Ne7+ Kf8 35. Nxc6 Nxd1 36. Na2 f6 37. Kf1 Nc5 38. Ke2 Nb2 39. Kd2 Nxb3+ 40. Kc2 Nd3 41. Kxb3 0-1

[Event "ESP-ch U1700 2024"]
[Site "Albacete"]
[Date "2024.08.27"]
[Round "1.8"]
[White "Romero Brotons, Francisco"]
[Black "Fuster Blesa, Ferran"]
[Result "0-1"]
[ECO "C55"]
[WhiteElo "1687"]
[BlackElo "1566"]
[Annotator "NA RC COMBH"]
[PlyCount "56"]
[EventDate "2024.08.27"]
[EventType "swiss"]
[EventCountry "ESP"]
[SourceTitle "playchess.com"]
[Source "ChessBase"]
[SourceQuality "1"]
[TimeControl "5400+30"]

1. e4 e5 2. Nf3 Nc6 3. Bc4 Nf6 4. O-O Bc5 5. Re1 d6 6. h3 Bd7 7. c3 Qc8 8. Kh2 Bxf2 9. Re2 Bb6 10. d4 Na5 11. dxe5 Nxc4 12. exf6 gxf6 13. Bh6 Bb5 14. Nd4 Bxd4 15. Qxd4 Ne5 16. Rf2 Qe6 17. Bg7 Rg8 18. Bxf6 Rg6 19. Bh4 Rh6 20. Bg3 Ng4+ 21. Kg1 Nxf2 22. Qh8+ Ke7 23. Qxa8 Qc4 24. Na3 Nxh3+ 25. gxh3 Qd3 26. Nxb5 Qxg3+ 27. Kf1 Rf6+ 28. Ke2 Rf2+ 0-1

[Event "ESP-ch U1700 2024"]
[Site "Albacete"]
[Date "2024.08.27"]
[Round "1.9"]
[White "Lancharro Delgado, Miguel"]
[Black "Alarcon Alarcon, Elvis Eduardo"]
[Result "1-0"]
[ECO "C55"]
[WhiteElo "1566"]
[BlackElo "1685"]
[Annotator "NA RC COMBH"]
[PlyCount "117"]
[EventDate "2024.08.27"]
[EventType "swiss"]
[EventCountry "ESP"]
[SourceTitle "playchess.com"]
[Source "ChessBase"]
[SourceQuality "1"]
[TimeControl "5400+30"]

1. e4 e5 2. Nf3 Nc6 3. Bc4 Nf6 4. d4 Nxe4 5. dxe5 Qe7 6. O-O h6 7. Re1 Ng5 8. Bf4 Ne6 9. Bg3 Qc5 10. Qd5 Qb6 11. Qb5 Bc5 12. Nbd2 Nb4 13. Rec1 O-O 14. c3 Nc6 15. Ne4 Be7 16. b4 Qxb5 17. Bxb5 a6 18. Bd3 b6 19. a4 a5 20. b5 Na7 21. Nd4 Bb7 22. Rc2 Rfd8 23. Nf5 Bf8 24. Rd1 Nc5 25. Nxc5 Bxc5 26. Bh4 Re8 27. Re2 Nc8 28. Bc4 d6 29. e6 fxe6 30. Rxe6 Rxe6 31. Bxe6+ Kh7 32. Bd8 g6 33. Ne3 c6 34. c4 Na7 35. Bc7 cxb5 36. cxb5 Re8 37. Bd5 Bxd5 38. Nxd5 Re2 39. Bxb6 Bxb6 40. Nxb6 Kg7 41. Kf1 Rb2 42. Rxd6 Nxb5 43. axb5 Rxb5 44. Nc4 a4 45. Rd2 Rb4 46. Na3 Kf6 47. Ke2 h5 48. Rc2 Rb3 49. Ra2 h4 50. Nc2 Rb1 51. Rxa4 g5 52. Ra1 Rb2 53. Kd2 Kf5 54. Ra5+ Kg4 55. Kc3 Rb1 56. Ne3+ Kf4 57. Rf5+ Ke4 58. Rxg5 Rc1+ 59. Kd2 1-0

[Event "ESP-ch U1700 2024"]
[Site "Albacete"]
[Date "2024.08.27"]
[Round "2.1"]
[White "Marinas Gutierrez, Carlos"]
[Black "Garcia-Munoz Arias, Diego"]
[Result "0-1"]
[ECO "C58"]
[WhiteElo "1631"]
[BlackElo "1696"]
[Annotator "NA RC COMBH"]
[PlyCount "40"]
[EventDate "2024.08.27"]
[EventType "swiss"]
[EventCountry "ESP"]
[SourceTitle "playchess.com"]
[Source "ChessBase"]
[SourceQuality "1"]
[TimeControl "5400+30"]

1. e4 e5 2. Nf3 Nc6 3. Bc4 Nf6 4. Ng5 d5 5. exd5 Na5 6. Bb5+ c6 7. dxc6 bxc6 8. Ba4 h6 9. Nf3 e4 10. Ng1 Bc5 11. Nc3 Qb6 12. Qe2 Ba6 13. d3 O-O 14. Kf1 Rfe8 15. Qd1 exd3 16. cxd3 Bxf2 17. Nf3 Ng4 18. Bd2 Bxd3+ 19. Ne2 Bg3 20. Nfd4 Qxd4 0-1

[Event "ESP-ch U1700 2024"]
[Site "Albacete"]
[Date "2024.08.27"]
[Round "2.2"]
[White "Carrilero Otalora, Vanesa"]
[Black "Gonzalez Caceres, Lauren"]
[Result "1/2-1/2"]
[ECO "D05"]
[WhiteElo "1692"]
[BlackElo "1617"]
[Annotator "NA RC COMBH"]
[PlyCount "92"]
[EventDate "2024.08.27"]
[EventType "swiss"]
[EventCountry "ESP"]
[SourceTitle "playchess.com"]
[Source "ChessBase"]
[SourceQuality "1"]
[TimeControl "5400+30"]

1. d4 d5 2. Nf3 Nf6 3. e3 e6 4. Bd3 Bb4+ 5. c3 Be7 6. O-O O-O 7. Nbd2 Nbd7 8. b3 b6 9. Bb2 Bb7 10. c4 c5 11. cxd5 Bxd5 12. Rc1 Rc8 13. Qe2 Re8 14. Bb5 Bc6 15. Bxc6 Rxc6 16. dxc5 Rxc5 17. Rxc5 Bxc5 18. Nc4 Qe7 19. Nfe5 Nxe5 20. Bxe5 Rd8 21. h3 Nd5 22. e4 Nb4 23. a3 Nc6 24. b4 Bd4 25. Bg3 e5 26. Nd2 Qe6 27. Nf3 f6 28. Rc1 Rc8 29. Qd2 Rd8 30. Qc2 Ne7 31. b5 Rc8 32. Qb1 Rxc1+ 33. Qxc1 Bc5 34. a4 Qb3 35. Qa1 Qa3 36. Qd1 Kf7 37. Nh4 g6 38. Nf3 Qb4 39. Qc2 Nc8 40. Qa2+ Kg7 41. Qc2 Nd6 42. Nd2 h6 43. Kh2 Nf7 44. Qa2 Qd4 45. Qc2 Qb4 46. Kg1 Nd6 1/2-1/2

[Event "ESP-ch U1700 2024"]
[Site "Albacete"]
[Date "2024.08.27"]
[Round "2.3"]
[White "Acebal Fernandez, Jose Maria"]
[Black "Grande Gonzalez, Julen"]
[Result "1/2-1/2"]
[ECO "D35"]
[WhiteElo "1624"]
[BlackElo "1692"]
[Annotator "NA RC COMBH"]
[PlyCount "73"]
[EventDate "2024.08.27"]
[EventType "swiss"]
[EventCountry "ESP"]
[SourceTitle "playchess.com"]
[Source "ChessBase"]
[SourceQuality "1"]
[TimeControl "5400+30"]

1. d4 d5 2. c4 e6 3. Nc3 Nf6 4. cxd5 exd5 5. Bg5 c6 6. e3 Be7 7. Bd3 O-O 8. Qc2 Nbd7 9. Nf3 Re8 10. O-O Nf8 11. Rab1 Ng6 12. b4 a6 13. a4 Ne4 14. Bxe7 Qxe7 15. b5 axb5 16. axb5 Ra3 17. Bxe4 dxe4 18. Nd2 f5 19. bxc6 bxc6 20. Na4 Qe6 21. Rfc1 Ba6 22. Nc5 Bd3 23. Nxe6 Bxc2 24. Nxg7 Bxb1 25. Nxe8 Bd3 26. h3 Kf7 27. Nd6+ Ke6 28. Rxc6 Ra1+ 29. Kh2 Ne7 30. Rb6 Nd5 31. Rc6 Kd7 32. Rc8 Kxd6 33. Rd8+ Ke6 34. Nb3 Ra2 35. Nc5+ Kf6 36. Rxd5 Rxf2 37. Rd6+ 1/2-1/2

[Event "ESP-ch U1700 2024"]
[Site "Albacete"]
[Date "2024.08.27"]
[Round "2.4"]
[White "Anguita Ruiz, Miguel"]
[Black "Garcia Sahuquillo, Marcos Antonio"]
[Result "0-1"]
[ECO "C02"]
[WhiteElo "1617"]
[BlackElo "1690"]
[Annotator "NA RC COMBH"]
[PlyCount "74"]
[EventDate "2024.08.27"]
[EventType "swiss"]
[EventCountry "ESP"]
[SourceTitle "playchess.com"]
[Source "ChessBase"]
[SourceQuality "1"]
[TimeControl "5400+30"]

1. e4 e6 2. d4 d5 3. e5 c5 4. c3 Nc6 5. Nf3 Nh6 6. Bxh6 gxh6 7. Be2 Qe7 8. O-O Bd7 9. Na3 c4 10. Nc2 O-O-O 11. b4 b5 12. a4 a6 13. axb5 axb5 14. Qb1 Kc7 15. Qa2 Bg7 16. Qa6 Rb8 17. Qa2 f6 18. exf6 Bxf6 19. Rfe1 Rb7 20. Bf1 Rg8 21. Ne3 Qg7 22. g3 h5 23. h4 Qf7 24. Bg2 Ra7 25. Qd2 Rga8 26. Nc2 Ra2 27. Rxa2 Rxa2 28. Ra1 Rxa1+ 29. Nxa1 Qg6 30. Nc2 Bg7 31. Qf4+ e5 32. dxe5 Bh6 33. Ng5 Bxg5 34. hxg5 Qf5 35. Qxf5 Bxf5 36. Nd4 Nxd4 37. cxd4 c3 0-1

[Event "ESP-ch U1700 2024"]
[Site "Albacete"]
[Date "2024.08.27"]
[Round "2.5"]
[White "Saiz Alonso de Armino, Daniel"]
[Black "Rovira Grimaldos, Jose Luis"]
[Result "1-0"]
[ECO "A40"]
[WhiteElo "1689"]
[BlackElo "1607"]
[Annotator "NA RC COMBH"]
[PlyCount "54"]
[EventDate "2024.08.27"]
[EventType "swiss"]
[EventCountry "ESP"]
[SourceTitle "playchess.com"]
[Source "ChessBase"]
[SourceQuality "1"]
[TimeControl "5400+30"]

1. d4 c6 2. Nf3 d5 3. Bf4 Bg4 4. e3 Nd7 5. c4 e6 6. Nc3 Ngf6 7. Be2 Bb4 8. h3 Bh5 9. a3 Bxc3+ 10. bxc3 Ne4 11. Qc2 Bg6 12. Bd3 Qa5 13. Rc1 Qxa3 14. O-O Nb6 15. Ne5 f5 16. c5 Nc4 17. Nxc4 dxc4 18. Bxc4 Qa5 19. Bxe6 Ke7 20. Bb3 Kd7 21. f3 Nf6 22. Rfd1 Nd5 23. Bxd5 cxd5 24. Qb3 Kc6 25. Ra1 Qb5 26. Qc2 Rhe8 27. Rdb1 Qa5 1-0

[Event "ESP-ch U1700 2024"]
[Site "Albacete"]
[Date "2024.08.27"]
[Round "2.6"]
[White "Valiente Zabalza, Daniel"]
[Black "Caballero Sanchez, Francisco"]
[Result "1/2-1/2"]
[ECO "D05"]
[WhiteElo "1616"]
[BlackElo "1682"]
[Annotator "NA RC COMBH"]
[PlyCount "176"]
[EventDate "2024.08.27"]
[EventType "swiss"]
[EventCountry "ESP"]
[SourceTitle "playchess.com"]
[Source "ChessBase"]
[SourceQuality "1"]
[TimeControl "5400+30"]

1. d4 Nf6 2. Nf3 d5 3. e3 e6 4. Be2 Bd6 5. O-O O-O 6. b3 Nbd7 7. Bb2 b6 8. Nbd2 Bb7 9. c4 c5 10. Rc1 Rc8 11. Re1 Re8 12. Bd3 e5 13. dxe5 Nxe5 14. Nxe5 Bxe5 15. Bxe5 Rxe5 16. Nf3 Re8 17. Rc2 Qd7 18. Rd2 Qc6 19. cxd5 Nxd5 20. Bf5 Rc7 21. e4 Nf6 22. Rd6 Qb5 23. e5 Bxf3 24. gxf3 Nh5 25. Bd7 Rxd7 26. Rxd7 Nf4 27. Kh1 Nh3 28. Rf1 h6 29. Rd8 Rxd8 30. Qxd8+ Kh7 31. Qd1 Qb4 32. Qc2+ Kg8 33. Qf5 Qh4 34. Qc8+ Kh7 35. Qf5+ Kg8 36. Qc8+ Kh7 37. Qf5+ Kg8 38. Qc2 Qh5 39. Qe4 Ng5 40. Qg4 Qxg4 41. fxg4 Nf3 42. Kg2 Nxe5 43. h3 Kf8 44. f4 Nc6 45. Kf3 Ke7 46. Ke4 Ke6 47. h4 Nd4 48. g5 h5 49. f5+ Kd6 50. g6 f6 51. Rd1 Kc6 52. Re1 a5 53. Kd3 Nxf5 54. Rh1 Kd5 55. a4 Nd4 56. Kc3 Ke5 57. Rf1 f5 58. Kd3 f4 59. Re1+ Kf5 60. Rf1 f3 61. Ke3 Kxg6 62. Kf4 Kf6 63. Rd1 g6 64. Ke3 Ke5 65. Rg1 Kf5 66. Rg5+ Kf6 67. Rd5 Nf5+ 68. Kxf3 Nxh4+ 69. Kg3 Nf5+ 70. Kf4 g5+ 71. Ke4 Nd4 72. Rd6+ Kg7 73. Rxb6 h4 74. Ke3 g4 75. Rb5 g3 76. Rxc5 h3 77. Rg5+ Kf6 78. Rxg3 Nf5+ 79. Kf3 Nxg3 80. Kxg3 Ke5 81. Kxh3 Kd4 82. Kg3 Kc3 83. Kf3 Kxb3 84. Ke2 Kxa4 85. Kd1 Kb3 86. Kc1 Ka2 87. Kc2 a4 88. Kc1 a3 1/2-1/2

[Event "ESP-ch U1700 2024"]
[Site "Albacete"]
[Date "2024.08.27"]
[Round "2.7"]
[White "Lopez Milian, Adela"]
[Black "Cerda Guilabert, Carla"]
[Result "1-0"]
[ECO "D37"]
[WhiteElo "1681"]
[BlackElo "1604"]
[Annotator "NA RC COMBH"]
[PlyCount "91"]
[EventDate "2024.08.27"]
[EventType "swiss"]
[EventCountry "ESP"]
[SourceTitle "playchess.com"]
[Source "ChessBase"]
[SourceQuality "1"]
[TimeControl "5400+30"]

1. d4 d5 2. c4 e6 3. Nc3 Nf6 4. Nf3 Be7 5. Bf4 a6 6. c5 Nc6 7. a3 Nd7 8. b4 f6 9. Bg3 Na7 10. e4 dxe4 11. Nxe4 O-O 12. Bc4 Kh8 13. Bxe6 f5 14. Bxd7 Bxd7 15. Nc3 f4 16. Ne5 fxg3 17. hxg3 Be8 18. Qd3 h6 19. Ng4 Bf6 20. Nxh6 Qe7+ 21. Kd1 gxh6 22. Rxh6+ Kg8 23. f4 Rd8 24. Kc2 Bxd4 25. Rah1 Bxc3 26. Qc4+ Rf7 27. Qxc3 Qe2+ 28. Kc1 Qd2+ 29. Qxd2 Rxd2 30. Kxd2 Rg7 31. Ke1 Bc6 32. Kf2 Kf7 33. Rh7 Be4 34. Rxg7+ Kxg7 35. Re1 Bc6 36. g4 Nb5 37. Re3 Kf6 38. g3 Nd4 39. Rd3 Ne6 40. Ke3 Bb5 41. Rd1 Ba4 42. Rh1 Kf7 43. Rh5 Ng7 44. Re5 Ne6 45. g5 Kg6 46. Ke4 1-0

[Event "ESP-ch U1700 2024"]
[Site "Albacete"]
[Date "2024.08.27"]
[Round "2.8"]
[White "Muniz Otero, Lucas"]
[Black "Vallina Menendez, Marcos"]
[Result "1-0"]
[ECO "D04"]
[WhiteElo "1605"]
[BlackElo "1680"]
[Annotator "NA RC COMBH"]
[PlyCount "70"]
[EventDate "2024.08.27"]
[EventType "swiss"]
[EventCountry "ESP"]
[SourceTitle "playchess.com"]
[Source "ChessBase"]
[SourceQuality "1"]
[TimeControl "5400+30"]

1. d4 d5 2. Nf3 Nf6 3. e3 b6 4. Bd3 Bb7 5. O-O e6 6. b3 Nbd7 7. Bb2 Bd6 8. Nbd2 c5 9. Ne5 O-O 10. f4 cxd4 11. exd4 Ne4 12. c4 Nxd2 13. Qxd2 Re8 14. Qe2 f5 15. Qh5 Re7 16. cxd5 Nf6 17. Qh3 Bxd5 18. Bc4 Rc8 19. Rad1 a6 20. Bxa6 Rc2 21. Rf2 Qc7 22. Bc4 Rxf2 23. Kxf2 Bxe5 24. fxe5 Ng4+ 25. Kg1 Bxc4 26. bxc4 Qxc4 27. Rc1 Qa6 28. Qh5 g6 29. Qg5 Re8 30. h3 Qxa2 31. Qd2 Ne3 32. Qxe3 Qxb2 33. Rc7 Qb4 34. Qh6 Qe1+ 35. Kh2 Qc3 1-0

[Event "ESP-ch U1700 2024"]
[Site "Albacete"]
[Date "2024.08.27"]
[Round "2.9"]
[White "Molina Gomez, Juan Francisco"]
[Black "Perez Odero, Gonzalo"]
[Result "1-0"]
[ECO "A04"]
[WhiteElo "1677"]
[BlackElo "1601"]
[Annotator "NA RC COMBH"]
[PlyCount "79"]
[EventDate "2024.08.27"]
[EventType "swiss"]
[EventCountry "ESP"]
[SourceTitle "playchess.com"]
[Source "ChessBase"]
[SourceQuality "1"]
[TimeControl "5400+30"]

1. Nf3 a5 2. e4 e6 3. d4 d5 4. Nc3 Nc6 5. e5 f6 6. Bb5 Bd7 7. O-O fxe5 8. Bxc6 Bxc6 9. Nxe5 Nf6 10. Re1 Bd7 11. Bg5 c6 12. Qe2 Qe7 13. Na4 O-O-O 14. Nb6+ Kc7 15. Nbxd7 Rxd7 16. Nxd7 Kxd7 17. c4 h6 18. Bf4 g5 19. Be5 Bg7 20. cxd5 exd5 21. Rac1 Re8 22. Qf3 Qe6 23. h3 g4 24. hxg4 Nxg4 25. Qb3 b5 26. Qc3 Bxe5 27. dxe5 b4 28. Qc5 Rg8 29. f4 Ra8 30. f5 Qxf5 31. e6+ Ke8 32. Qxc6+ Ke7 33. Qd7+ Kf6 34. Rf1 Qxf1+ 35. Rxf1+ Kg5 36. Qg7+ Kh5 37. Rf4 Ne3 38. g4+ Kh4 39. Qxh6+ Kg3 40. Qh2# 1-0

[Event "ESP-ch U1700 2024"]
[Site "Albacete"]
[Date "2024.08.28"]
[Round "3.1"]
[White "Garcia-Munoz Arias, Diego"]
[Black "Sanchez Elena, Pedro"]
[Result "1-0"]
[ECO "C56"]
[WhiteElo "1696"]
[BlackElo "1641"]
[Annotator "NA RC COMBH"]
[PlyCount "69"]
[EventDate "2024.08.27"]
[EventType "swiss"]
[EventCountry "ESP"]
[SourceTitle "playchess.com"]
[Source "ChessBase"]
[SourceQuality "1"]
[TimeControl "5400+30"]

1. e4 e5 2. Nf3 Nc6 3. d4 exd4 4. Bc4 Nf6 5. O-O Nxe4 6. Re1 d5 7. Bxd5 Qxd5 8. Nc3 Qa5 9. Rxe4+ Be6 10. Nxd4 O-O-O 11. Qd3 Bf5 12. Nxc6 bxc6 13. Ra4 Qxa4 14. Qxf5+ Kb8 15. Bg5 Qd4 16. Bxd8 Qxd8 17. Rd1 Bd6 18. g3 Qe7 19. Qa5 Bb4 20. Qa6 Bxc3 21. bxc3 Qc5 22. Rb1+ Qb6 23. Rxb6+ cxb6 24. Qc4 f6 25. Qxc6 Rc8 26. Qd7 Rxc3 27. Qxg7 Rxc2 28. Qf8+ Kb7 29. Qe7+ Ka6 30. Qa3+ Kb7 31. Qf3+ Kb8 32. Qxf6 Rc7 33. f4 Kc8 34. Qh8+ Kb7 35. f5 1-0

[Event "ESP-ch U1700 2024"]
[Site "Albacete"]
[Date "2024.08.28"]
[Round "3.2"]
[White "Garcia Sahuquillo, Marcos Antonio"]
[Black "Perez Fernandez, Alvaro"]
[Result "0-1"]
[ECO "A46"]
[WhiteElo "1690"]
[BlackElo "1638"]
[Annotator "NA RC COMBH"]
[PlyCount "98"]
[EventDate "2024.08.27"]
[EventType "swiss"]
[EventCountry "ESP"]
[SourceTitle "playchess.com"]
[Source "ChessBase"]
[SourceQuality "1"]
[TimeControl "5400+30"]

1. d4 Nf6 2. Nf3 d6 3. g3 g6 4. b3 Bg7 5. Bb2 O-O 6. Bg2 Nbd7 7. Nbd2 Re8 8. O-O c6 9. c4 e5 10. dxe5 dxe5 11. e4 Qc7 12. Qc2 a5 13. Rad1 Nc5 14. Rfe1 Bg4 15. a3 Rad8 16. Nf1 Rxd1 17. Rxd1 Ncxe4 18. Re1 Bxf3 19. Bxf3 Nc5 20. b4 axb4 21. axb4 Ncd7 22. c5 Nd5 23. Qd2 N7f6 24. Ne3 Nxe3 25. Qxe3 Nd5 26. Qd2 Qd7 27. Bxd5 Qxd5 28. Qxd5 cxd5 29. b5 Rc8 30. Rc1 e4 31. Bxg7 Kxg7 32. c6 bxc6 33. Rxc6 Rb8 34. b6 d4 35. Kf1 d3 36. Ke1 f5 37. Rc7+ Kf6 38. b7 h6 39. Kd2 Ke5 40. Ke3 Kd6 41. Rg7 g5 42. h4 gxh4 43. gxh4 Kc6 44. Rg6+ Kxb7 45. Rxh6 Kc7 46. f3 Rd8 47. Kd2 e3+ 48. Kd1 e2+ 49. Kd2 Re8 0-1

[Event "ESP-ch U1700 2024"]
[Site "Albacete"]
[Date "2024.08.28"]
[Round "3.3"]
[White "Loro Garcia de Leon, Jose Juan"]
[Black "Saiz Alonso de Armino, Daniel"]
[Result "1/2-1/2"]
[ECO "C17"]
[WhiteElo "1643"]
[BlackElo "1689"]
[Annotator "NA RC COMBH"]
[PlyCount "64"]
[EventDate "2024.08.27"]
[EventType "swiss"]
[EventCountry "ESP"]
[SourceTitle "playchess.com"]
[Source "ChessBase"]
[SourceQuality "1"]
[TimeControl "5400+30"]

1. e4 e6 2. Nc3 d5 3. d4 Bb4 4. e5 c5 5. Bb5+ Bd7 6. Bxd7+ Nxd7 7. Nf3 Ne7 8. Be3 Nf5 9. O-O a6 10. a3 Bxc3 11. bxc3 c4 12. Bg5 Qc7 13. g4 h6 14. gxf5 hxg5 15. fxe6 fxe6 16. Nxg5 Nf8 17. Qg4 Qe7 18. f4 g6 19. h4 O-O-O 20. a4 Re8 21. Kg2 Nd7 22. Kg3 Nb8 23. Rfb1 Nc6 24. Rb6 Qd7 25. Rab1 Ne7 26. Rxb7 Nf5+ 27. Kf2 Qxb7 28. Rxb7 Kxb7 29. Nf7 Rhg8 30. Nd6+ Nxd6 31. exd6 Kc6 32. Qg3 Rd8 1/2-1/2